 Dungeon Crawl Stone Soup version 0.27.1-35-g4d5d836560 (webtiles) character file.

Game seed: 8411795450801392420

93 Delamore the Sneak (level 4, -1/29 HPs)
             Began as an Octopode Brigand on Mar 8, 2022.
             Slain by an orc (9 damage)
             ... on level 2 of the Dungeon.
             The game lasted 00:01:37 (2633 turns).

Delamore the Sneak (Octopode Brigand)               Turns: 2633, Time: 00:01:38

Health: -1/29      AC:  1    Str: 10    XL:     4   Next: 62%
Magic:  4/4        EV: 13    Int: 13    God:
Gold:   68         SH:  0    Dex: 14    Spells: 3/3 levels left

rFire    + . .     SeeInvis .   n - +0 dagger (venom)
rCold    . . .     Faith    .   (no shield)
rNeg     . . .     Spirit   .   (helmet restricted)
rPois    .         Reflect  .   (no amulet)
rElec    .         Harm     .   k - ring of protection from fire
rCorr    .         Rampage  .   (no ring)
Will     .....                  (no ring)
Stlth    ++++......             (no ring)
HPRegen  0.09/turn              (no ring)
MPRegen  0.09/turn              (no ring)
                                (no ring)
                                (no ring)

@: no status effects
A: almost no armour, amphibious, 8 rings, camouflage 1, gelatinous body 1,
(nimble swimmer 1), tentacles
a: no special abilities


You were on level 2 of the Dungeon.
You visited 1 branch of the dungeon, and saw 3 of its levels.

You collected 68 gold pieces.

Inventory:

Hand Weapons
 a - a +2 dagger
 n - a +0 dagger of venom (weapon)
Missiles
 b - 20 poisoned darts (quivered)
 c - 2 curare-tipped darts
 j - 6 atropa-tipped darts
Jewellery
 k - a ring of protection from fire (left tentacle)
Scrolls
 d - a scroll of enchant armour {unknown}
 g - a scroll of teleportation {unknown}
 h - a scroll of vulnerability {unknown}
 i - a scroll of immolation {unknown}
Potions
 e - a potion of haste {unknown}
 f - a potion of invisibility {unknown}
 l - a potion of curing {unknown}
 m - a potion of magic {unknown}


   Skills:
 - Level 2.0 Fighting
 + Level 3.0 Short Blades
 - Level 2.0 Throwing
 + Level 1.3 Dodging
 + Level 7.2 Stealth


You had 3 spell levels left.
You didn't know any spells.
Your spell library contained the following spells:

 Spells                   Type           Power      Damage    Failure   Level
 Foxfire                  Conj/Fire      0%         2x1d4     30%         1
 Conjure Flame            Conj/Fire      0%         6-21      67%         3
 Inner Flame              Hex/Fire       0%         N/A       67%         3


Dungeon Overview and Level Annotations

Branches:
Dungeon (3/15)

Altars:


Innate Abilities, Weirdness & Mutations

You cannot wear most types of armour.
You are amphibious.
You can wear up to eight rings at the same time.
Your skin changes colour to match your surroundings (Stealth+).
Your rubbery body absorbs attacks. (AC +1, EV +1)
((You are camouflaged near water. (Stealth+)))
You have tentacles for arms and can constrict up to eight enemies at once.


Message History

The adder bites you. The orc hits you with a +3 flail.
You are too injured to fight recklessly!
You are too injured to fight recklessly!
You are too injured to fight recklessly!
You are too injured to fight recklessly!
You are too injured to fight recklessly!
You feel sick. The adder closely misses you.
Things that are here:
a +0 short sword; a +0 ring mail; an orc corpse You feel sick.
You feel sick.
You are no longer poisoned.
The adder closely misses you.
There is a stone staircase leading up here.
The adder misses you. The adder closely misses you.
You climb upwards.
There is a stone staircase leading down here.
You barely miss the adder. You grab the adder. You squeeze the adder.
The adder is lightly wounded.
You constrict the adder. The adder bites you but does no damage.
You hit the adder.
The adder is poisoned.
You squeeze the adder.
You kill the adder!
You start resting.
HP restored.
You climb downwards.
You hear the sound of rushing water.
There is an entrance to a sewer on this level.
Hurry and find it before the portal rusts away!
You hear the rusting of a very distant drain.
The orc closely misses you. x2
The orc hits you with a +2 vorpal hand axe.
There is a stone staircase leading up here.
The orc hits you with a +3 flail!
The orc hits you with a +2 vorpal hand axe.
* * * LOW HITPOINT WARNING * * *
You climb upwards.
There is a stone staircase leading down here.
You closely miss the orc. Your grab misses the orc. You squeeze the orc.
The orc is almost dead.
The orc hits you with a +3 flail!
You die...

#.# #.# #.# ############## #.#
#............# #.# #............#
#.# #............# ######.####
#....).......##########..........
...............o@o...##.####.###.
#..........[.#######.##.####.# #.
#............# #.#....##.# #.
#.....)......# #.#..#.##.# #.
#########.#### #.####.##.# #. #
#.# #......##.# #. ## #.#
#########.###. .# #.# #..... .##
#.# ######


You could see 2 orcs.

Vanquished Creatures
  3 adders (D:2)
  A worm (D:2)
  3 dart slugs
  3 orcs (D:3)
  8 ball pythons
  4 bats
  2 endoplasms (D:1)
  4 giant cockroaches
  4 goblins
  7 hobgoblins
  3 kobolds
  2 quokkas (D:1)
  3 frilled lizards
  4 rats
51 creatures vanquished.

Notes
Turn   | Place    | Note
-------+----------+-------------------------------------------
     0 | D:1      | Delamore the Octopode Brigand began the quest for the Orb.
     0 | D:1      | Reached XP level 1. HP: 14/14 MP: 1/1
   138 | D:1      | Reached XP level 2. HP: 19/19 MP: 2/2
   306 | D:1      | Found a faded altar of an unknown god.
   514 | D:1      | Reached skill level 6 in Stealth
   771 | D:1      | Reached XP level 3. HP: 24/24 MP: 3/3
  1685 | D:2      | Reached XP level 4. HP: 23/29 MP: 4/4
  1686 | D:2      | Reached skill level 7 in Stealth
  2633 | D:2      | Slain by an orc

Illustrated notes

Levels and vault maps discovered:
D:1:      amcnicky_arrival_feature_with_door, layout_basic,
          dreamdust_ecumenical_altar_sealed_demon
D:2:      layout_basic
D:3:      layout_loops_ring, nicolae_dithmenos_shadow_blocks,
          portal_sewer_entry_a, corner_web_ring, uniq_natasha

Skill      XL: |  1  2  3  4 |
---------------+-------------+-----
Stealth        | 6 7 |  7.2
Short Blades   | 3 |  3.0
Fighting       | |  2.0
Throwing       | |  2.0
Dodging        | |  1.3

Action                   |  1- 3 |  4- 6 || total
-------------------------+-------+-------++-------
Melee: Dagger            |    62 |    30 ||    92
       Constrict         |    13 |     7 ||    20
       Tentacles         |     8 |     6 ||    14
 Stab: Sleeping          |    13 |     5 ||    18
       Distracted        |       |     2 ||     2
Armor: Skin              |     8 |     1 ||     9
Dodge: Dodged            |    25 |    15 ||    40
